 Dungeon Crawl Stone Soup version 0.30.2 (webtiles) character file.

Game seed: 16786515346675134039

58 Ashen the Ogre Mage (level 4, -1/41 HPs)
             Began as an Ogre Hedge Wizard on Jan 22, 2024.
             Slain by an orc
             ... wielding a +0 flail
              (8 damage)
             ... on level 2 of the Dungeon.
             The game lasted 00:04:28 (2879 turns).

Ashen the Ogre Mage (Ogre Hedge Wizard)             Turns: 2879, Time: 00:04:29

Health: -1/41      AC:  3    Str: 14    XL:     4   Next: 1%
Magic:  4/10       EV:  9    Int: 17    God:
Gold:   105        SH:  0    Dex:  8    Spells: 2/11 levels left

rFire   . . .        a - +0 dagger
rCold   . . .        (no shield)
rNeg    . . .        b - +0 robe
rPois   .            c - +0 hat
rElec   .            (no cloak)
rCorr   .            (gloves unavailable)
SInv    .            (boots unavailable)
Will    .....        (no amulet)
Stlth   ++           (no ring)
HPRegen 0.26/turn    (no ring)
MPRegen 0.12/turn

%: no passive effects
@: no status effects
A: large, unfitting armour, tough skin 1
a: no special abilities


You were on level 2 of the Dungeon.
You visited 1 branch of the dungeon, and saw 3 of its levels.

You collected 105 gold pieces.

Inventory:

Hand Weapons
 a - a +0 dagger (weapon)
Armour
 b - a +0 robe (worn)
 c - a +0 hat (worn)
Scrolls
 e - a scroll of teleportation {unknown}
 f - a scroll of magic mapping {unknown}
 g - 2 scrolls of identify {unknown}
 i - 2 scrolls of enchant weapon {unknown}
 j - a scroll of blinking {unknown}
 k - a scroll of fear {unknown}
 l - a scroll of vulnerability {unknown}
 m - a scroll of torment {unknown}
Potions
 h - a potion of brilliance {unknown}
 n - a potion of curing {unknown}


   Skills:
 + Level 1.3 Fighting
 + Level 0.8 Maces & Flails
 + Level 2.0 Dodging
 + Level 1.8 Stealth
 * Level 4.1 Spellcasting
 * Level 1.6 Conjurations
 - Level 1.0 Summonings
 - Level 1.0 Translocations


You had 2 spell levels left.
You knew the following spells:

 Your Spells              Type           Power      Damage    Failure   Level
a - Magic Dart            Conj           32%        1d4       9%          1
b - Slow                  Hex            12%        N/A       16%         1
c - Blink                 Tloc           12%        N/A       16%         2
d - Call Imp              Summ           12%        N/A       16%         2
e - Mephitic Cloud        Conj/Pois/Air  5%         N/A       36%         3

Your spell library contained the following spells:

 Spells                   Type           Power      Damage    Failure   Level
 Cigotuvi's Dreadful Rot  Necr/Pois/Air  6%         N/A       24%         2
 Iskenderun's Battlesphe  Conj           8%         2d6       92%         5
 Iron Shot                Conj/Erth      3%         9d2       100%        6
 Spellforged Servitor     Conj/Summ      3%         N/A       100%        7


Dungeon Overview and Level Annotations

Branches:
Dungeon (3/15)

Altars:


Innate Abilities, Weirdness & Mutations

You are too large for most types of armour.
You have tough skin. (AC +1)


Message History

Aiming: Magic Dart (safe; 9% risk of failure)
Press: ? - help, Shift-Dir - straight line, f/p - endoplasm
Aim: an endoplasm (lightly wounded, 100% to hit)
The magic dart hits the endoplasm.
The endoplasm is severely wounded.
The endoplasm hits you but does no damage.
Casting: Magic Dart (safe; 9% risk of failure)
Confirm with . or Enter, or press ? or * to list all spells.
Aiming: Magic Dart (safe; 9% risk of failure)
Press: ? - help, Shift-Dir - straight line, f/p - endoplasm
Aim: an endoplasm (severely wounded, 100% to hit)
The magic dart hits the endoplasm.
You kill the endoplasm!
You have reached level 4!
Casting: Magic Dart (safe; 9% risk of failure)
Confirm with . or Enter, or press ? or * to list all spells.
Aiming: Magic Dart (safe; 9% risk of failure)
Press: ? - help, Shift-Dir - straight line, f - orc
Aim: an orc, wielding a +0 flail and wearing a +0 chain mail (moderately wounded, 100% to hit)
The magic dart hits the orc but does no damage.
The orc is moderately wounded.
The orc hits you with a +0 flail.
* * * LOW HITPOINT WARNING * * *
Casting: Magic Dart (safe; 9% risk of failure)
Confirm with . or Enter, or press ? or * to list all spells.
Aiming: Magic Dart (safe; 9% risk of failure)
Press: ? - help, Shift-Dir - straight line, f/p - orc
Aim: an orc, wielding a +0 flail and wearing a +0 chain mail (moderately wounded, 100% to hit)
The magic dart hits the orc.
The orc is heavily wounded.
The orc barely misses you.
Casting: Magic Dart (safe; 9% risk of failure)
Confirm with . or Enter, or press ? or * to list all spells.
Aiming: Magic Dart (safe; 9% risk of failure)
Press: ? - help, Shift-Dir - straight line, f/p - orc
Aim: an orc, wielding a +0 flail and wearing a +0 chain mail (heavily wounded, 100% to hit)
The magic dart hits the orc but does no damage.
The orc is heavily wounded.
The orc hits you with a +0 flail!
You die...

#.######## #.
#.#......# #########
## #.#.####.#
#.>.....# #.#....#.#
#.......# #.#.##.#.#
#.......# #.#....#.#
#.......#
#....###.###.......#
####.###.#.o.......#
#.......@#.#.......#
#.#......o.........#
#.########.......|.#
#....#...#.........#
####.#.#.#.........#
#.#.............#
#.########.######
#.# #......# #.#
#.######


You could see an orc.

Vanquished Creatures
  A gnoll (D:1)
  An adder (D:2)
  2 dart slugs
  4 bats
  7 endoplasms
  A giant cockroach (D:2)
  2 goblins
  2 hobgoblins
  3 jackals (D:1)
  A quokka (D:2)
  5 ball pythons
  A frilled lizard (D:1)
  2 kobolds
  3 rats
35 creatures vanquished.

Notes
Turn   | Place    | Note
-------+----------+-------------------------------------------
     0 | D:1      | Ashen the Ogre Hedge Wizard began the quest for the Orb.
     0 | D:1      | Reached XP level 1. HP: 16/16 MP: 5/5
   206 | D:1      | Reached skill level 1 in Conjurations
   290 | D:1      | Reached skill level 1 in Summonings
   290 | D:1      | Reached skill level 1 in Translocations
   296 | D:1      | Reached XP level 2. HP: 16/26 MP: 0/6
  1062 | D:1      | Reached skill level 1 in Fighting
  1062 | D:1      | Reached XP level 3. HP: 6/33 MP: 0/8
  1466 | D:2      | Reached skill level 4 in Spellcasting
  2199 | D:2      | Learned a level 1 spell: Slow
  2202 | D:2      | Learned a level 2 spell: Blink
  2205 | D:2      | Learned a level 2 spell: Call Imp
  2209 | D:2      | Learned a level 3 spell: Mephitic Cloud
  2877 | D:2      | Reached XP level 4. HP: 10/41 MP: 7/10
  2879 | D:2      | Slain by an orc

Illustrated notes

Levels and vault maps discovered:
D:1:      minmay_arrival_five_plusses, layout_loops_corners
D:2:      layout_basic
D:3:      layout_rooms

Skill      XL: |  1  2  3 |
---------------+----------+-----
Conjurations   | 1 |  1.6
Summonings     | 1 |  1.0
Translocations | 1 |  1.0
Fighting       | 1 |  1.3
Dodging        | 2 |  2.0
Spellcasting   | 4 |  4.1
Maces & Flails | |  0.8
Stealth        | |  1.8

Action                     |  1- 3 |  4- 6 || total
---------------------------+-------+-------++-------
  Melee: Dagger            |    37 |       ||    37
         Punch             |     1 |       ||     1
   Cast: Magic Dart        |   101 |     3 ||   104
    Use: Potion            |     1 |       ||     1
 Armour: Robe              |    19 |       ||    19
  Dodge: Dodged            |    31 |     1 ||    32
